TOP OF THE 1ST |
Batavia Muckdogs batting - Pitching for State College Spikes : RHP Rafael Montano
|
Pitching: RHP Rafael Montano
|
|
Batting: RHB Tom Thompson
|
0-0: Ball 1-0: Ball 2-0: Foul Ball, location: 2F 2-1: Called Strike 2-2: Strikes out looking
|
Batting: LHB David Doge
|
0-0: Ball 1-0: Ball 2-0: SINGLE (Groundball, 34D, EV 102.5 MPH)
|
Batting: RHB Tony Stedman
|
0-0: Called Strike 0-1: Ball 1-1: Ball 2-1: 2-RUN HOME RUN (Flyball, 9D, EV 98.1 MPH), Distance : 376 ft
|
Batting: RHB Len Graham
|
0-0: Called Strike 0-1: Foul Ball, location: 2F 0-2: Foul Ball, location: 2F 0-2: Ball 1-2: SINGLE (Groundball, 56D, EV 106.2 MPH)
|
Batting: LHB Matt McKeon
|
0-0: Called Strike Len Graham steals 2nd base 0-1: Foul Ball, location: 2F 0-2: Ball 1-2: Ball 2-2: Strikes out swinging
|
Batting: RHB Jim Fisher
|
0-0: Ball Wild Pitch! Len Graham to third 1-0: Swinging Strike 1-1: Foul Ball, location: 2F 1-2: Strikes out swinging
|
Top of the 1st over - 2 runs, 3 hits, 0 errors, 1 left on base; Batavia 2 - State College 0 |
BOTTOM OF THE 1ST |
State College Spikes batting - Pitching for Batavia Muckdogs : RHP Cory Levine
|
Pitching: RHP Cory Levine
|
|
Batting: SHB Hank Arias
|
0-0: Ground out 5-3 (Groundball, 5S, EV 81.2 MPH)
|
Batting: RHB Mike Griffin
|
0-0: Ball 1-0: Ball 2-0: Called Strike 2-1: Swinging Strike 2-2: Ball 3-2: SINGLE (Popup, 4MD, EV 71.2 MPH)
|
Batting: RHB John Peterson
|
0-0: Called Strike Mike Griffin is caught stealing 2nd base 2-4 0-1: Ball 1-1: Ball 2-1: Fly out, F7 (Line Drive, 7D, EV 105.0 MPH)
|
Bottom of the 1st over - 0 runs, 1 hit, 0 errors, 0 left on base; Batavia 2 - State College 0 |
TOP OF THE 2ND |
Batavia Muckdogs batting - Pitching for State College Spikes : RHP Rafael Montano
|
Batting: RHB J.D. Vander Klok
|
0-0: Ball 1-0: SINGLE (Groundball, 34, EV 95.0 MPH)
|
Batting: RHB Andy Kelly
|
0-0: Ball Balk! J.D. Vander Klok to second 1-0: Ball 2-0: Ball 3-0: Base on Balls
|
Batting: SHB Yoo-chul Jung
|
0-0: Fly out, F9 (Flyball, 89D, EV 105.0 MPH)
|
Batting: RHB Tom Thompson
|
0-0: Ball 1-0: Ball 2-0: Ball 3-0: Base on Balls J.D. Vander Klok to third Andy Kelly to second
|
Batting: LHB David Doge
|
0-0: Ball 1-0: Foul Ball, location: 2F 1-1: Called Strike 1-2: Foul Ball, location: 2F 1-2: Ball 2-2: DOUBLE (Line Drive, 7LM, EV 104.4 MPH) J.D. Vander Klok scores Andy Kelly scores Tom Thompson to third
|
Batting: RHB Tony Stedman
|
0-0: Called Strike 0-1: Called Strike 0-2: Ball 1-2: Foul Ball, location: 2F 1-2: Foul Ball, location: 2F 1-2: Ball 2-2: Foul Ball, location: 2F 2-2: Ball 3-2: Strikes out looking
|
Batting: RHB Len Graham
|
0-0: Ball 1-0: DOUBLE (Line Drive, 7LS, EV 93.1 MPH) Tom Thompson scores David Doge scores
|
Pitching: RHP Andrew Ray
|
|
Batting: LHB Matt McKeon
|
0-0: Ball Len Graham steals 3rd base 1-0: Called Strike 1-1: Ball 2-1: Foul Ball, location: 2F 2-2: Ball 3-2: Strikes out swinging
|
Top of the 2nd over - 4 runs, 3 hits, 0 errors, 1 left on base; Batavia 6 - State College 0 |
BOTTOM OF THE 2ND |
State College Spikes batting - Pitching for Batavia Muckdogs : RHP Cory Levine
|
Batting: RHB Immel Kamuzu
|
0-0: Ball 1-0: Called Strike 1-1: Ground out 6-3 (Groundball, 6, EV 101.2 MPH)
|
Batting: RHB Chris LaReau
|
0-0: Ball 1-0: Fly out, F9 (Flyball, 89S, EV 85.0 MPH)
|
Batting: SHB Steve Barnett
|
0-0: Ball 1-0: Called Strike 1-1: Ball 2-1: Ball 3-1: Base on Balls
|
Batting: RHB Richard Riggs
|
0-0: Foul Ball, location: 2F 0-1: Ball 1-1: Ball 2-1: SINGLE (Groundball, 34D, EV 95.0 MPH) Steve Barnett to second Runner from 2nd tries for 3rd, SAFE, no throw by RF
|
Batting: RHB Josh Broome
|
0-0: Ball 1-0: Ball 2-0: DOUBLE (Line Drive, 9LS, EV 100.6 MPH) Steve Barnett scores Richard Riggs to third
|
Batting: RHB Austin Akers
|
0-0: Called Strike 0-1: Ball 1-1: Ball 2-1: Ball 3-1: Ground out 6-3 (Groundball, 6, EV 79.4 MPH)
|
Bottom of the 2nd over - 1 run, 2 hits, 0 errors, 2 left on base; Batavia 6 - State College 1 |
TOP OF THE 3RD |
Batavia Muckdogs batting - Pitching for State College Spikes : RHP Andrew Ray
|
Batting: RHB Jim Fisher
|
0-0: Called Strike 0-1: Ball 1-1: Swinging Strike 1-2: Ground out U3 (Groundball, 34, EV 82.5 MPH)
|
Batting: RHB J.D. Vander Klok
|
0-0: SINGLE (Line Drive, 89S, EV 95.6 MPH)
|
Batting: RHB Andy Kelly
|
0-0: Called Strike 0-1: Ball 1-1: Called Strike 1-2: Strikes out swinging
|
Batting: SHB Yoo-chul Jung
|
0-0: Ball Wild Pitch! J.D. Vander Klok to second 1-0: Ball 2-0: Ground out 5-3 (Groundball, 15, EV 87.5 MPH)
|
Top of the 3rd over - 0 runs, 1 hit, 0 errors, 1 left on base; Batavia 6 - State College 1 |
BOTTOM OF THE 3RD |
State College Spikes batting - Pitching for Batavia Muckdogs : RHP Cory Levine
|
Batting: SHB Hank Arias
|
0-0: Called Strike 0-1: Ball 1-1: Ball 2-1: Ball 3-1: Foul Ball, location: 2F 3-2: Foul Ball, location: 2F 3-2: Fly out, F8 (Flyball, 8LD, EV 91.9 MPH)
|
Batting: RHB Mike Griffin
|
0-0: Ball 1-0: Called Strike 1-1: Called Strike 1-2: Foul Ball, location: 2F 1-2: Ball 2-2: Ground out 4-3 (Groundball, 4, EV 88.8 MPH)
|
Batting: RHB John Peterson
|
0-0: Called Strike 0-1: Ball 1-1: Ball 2-1: Ball 3-1: Swinging Strike 3-2: Fly out, F9 (Flyball, 9D, EV 94.4 MPH)
|
Bottom of the 3rd over - 0 runs, 0 hits, 0 errors, 0 left on base; Batavia 6 - State College 1 |
TOP OF THE 4TH |
Batavia Muckdogs batting - Pitching for State College Spikes : RHP Andrew Ray
|
Batting: RHB Tom Thompson
|
0-0: Ground out 4-3 (Groundball, 4, EV 100.0 MPH)
|
Batting: LHB David Doge
|
0-0: Ball 1-0: Foul Ball, location: 2F 1-1: Foul Ball, location: 2F 1-2: Foul Ball, location: 2F 1-2: Strikes out swinging, 2-3 out at first.
|
Batting: RHB Tony Stedman
|
0-0: SINGLE (Line Drive, 9LS, EV 103.1 MPH)
|
Batting: RHB Len Graham
|
0-0: Called Strike 0-1: Ground out 4-3 (Groundball, 4MS, EV 70.6 MPH)
|
Top of the 4th over - 0 runs, 1 hit, 0 errors, 1 left on base; Batavia 6 - State College 1 |
BOTTOM OF THE 4TH |
State College Spikes batting - Pitching for Batavia Muckdogs : RHP Cory Levine
|
Batting: RHB Immel Kamuzu
|
0-0: Ball 1-0: SINGLE (Groundball, 34D, EV 95.0 MPH)
|
Batting: RHB Chris LaReau
|
0-0: Called Strike 0-1: Foul Ball, location: 2F 0-2: Foul Ball, location: 2F 0-2: Foul Ball, location: 2F 0-2: Ball 1-2: Foul Ball, location: 2F 1-2: Ball 2-2: Ball 3-2: Base on Balls Immel Kamuzu to second
|
Batting: SHB Steve Barnett
|
0-0: Called Strike 0-1: Foul Ball, location: 2F 0-2: Foul Ball, location: 2F 0-2: Strikes out looking
|
Batting: RHB Richard Riggs
|
0-0: Ball 1-0: SINGLE (Groundball, 4MD, EV 108.8 MPH) Immel Kamuzu to third Chris LaReau to second
|
Batting: RHB Josh Broome
|
0-0: Called Strike 0-1: Fielders Choice at 2nd, 6-4 (Groundball, 6, EV 80.6 MPH) Immel Kamuzu scores Chris LaReau to third
|
Batting: RHB Austin Akers
|
0-0: DOUBLE (Line Drive, 9LS, EV 95.0 MPH) Chris LaReau scores Josh Broome to third
|
Batting: SHB Hank Arias
|
0-0: Called Strike 0-1: Ball 1-1: Called Strike 1-2: Foul Ball, location: 2F 1-2: Strikes out swinging
|
Bottom of the 4th over - 2 runs, 3 hits, 0 errors, 2 left on base; Batavia 6 - State College 3 |
TOP OF THE 5TH |
Batavia Muckdogs batting - Pitching for State College Spikes : RHP Andrew Ray
|
Batting: LHB Matt McKeon
|
0-0: Called Strike 0-1: Ball 1-1: DOUBLE (Line Drive, 7LM, EV 105.6 MPH)
|
Batting: RHB Jim Fisher
|
0-0: Ground out 5-3 (Groundball, 5S, EV 90.0 MPH)
|
Batting: RHB J.D. Vander Klok
|
0-0: Called Strike 0-1: Ball 1-1: Ball Wild Pitch! Matt McKeon to third 2-1: Foul Ball, location: 2F 2-2: Ball 3-2: Base on Balls
|
Pitching: LHP Kevin Turner
|
|
Batting: RHB Andy Kelly
|
0-0: Swinging Strike 0-1: Swinging Strike 0-2: Foul Ball, location: 2F 0-2: Ball 1-2: Ball Wild Pitch! Matt McKeon scores J.D. Vander Klok to second 2-2: Ball 3-2: Strikes out swinging
|
Batting: SHB Yoo-chul Jung
|
0-0: Called Strike 0-1: Foul Ball, location: 2F 0-2: Ball 1-2: Ball 2-2: Strikes out swinging
|
Top of the 5th over - 1 run, 1 hit, 0 errors, 1 left on base; Batavia 7 - State College 3 |
BOTTOM OF THE 5TH |
State College Spikes batting - Pitching for Batavia Muckdogs : RHP Cory Levine
|
Pitching: RHP Aidan Mitchell
|
|
Batting: RHB Mike Griffin
|
0-0: Called Strike 0-1: Ball 1-1: Ball 2-1: Ball 3-1: Base on Balls
|
Batting: RHB John Peterson
|
0-0: Called Strike 0-1: Swinging Strike Mike Griffin steals 2nd base 0-2: Foul Ball, location: 2F 0-2: Foul Ball, location: 2F 0-2: Ball 1-2: SINGLE (Groundball, 5S, EV 70.6 MPH) (infield hit) Mike Griffin to third
|
Batting: RHB Immel Kamuzu
|
0-0: Ball John Peterson steals 2nd base 1-0: Foul Ball, location: 2F 1-1: SINGLE (Groundball, 15S, EV 63.8 MPH) (infield hit)
|
Batting: RHB Chris LaReau
|
0-0: Swinging Strike 0-1: Foul Ball, location: 2F 0-2: SINGLE (Line Drive, 9LS, EV 87.5 MPH) Mike Griffin scores John Peterson to third Immel Kamuzu to second Runner from 3rd tries for Home, SAFE, throw by RF to home Immel Kamuzu to third Chris LaReau to second
|
Batting: SHB Steve Barnett
|
0-0: Ground out 6-3 (Groundball, 6, EV 79.4 MPH) Immel Kamuzu scores
|
Batting: RHB Richard Riggs
|
0-0: Foul Ball, location: 2F 0-1: Swinging Strike 0-2: Ball 1-2: Strikes out swinging
|
Batting: RHB Josh Broome
|
0-0: Foul Ball, location: 2F 0-1: Ball 1-1: Swinging Strike 1-2: Ball 2-2: Ball 3-2: Base on Balls
|
Batting: RHB Austin Akers
|
0-0: Ball 1-0: Ball 2-0: Called Strike 2-1: Ball 3-1: Called Strike 3-2: Base on Balls Chris LaReau to third Josh Broome to second
|
Batting: SHB Hank Arias
|
0-0: Called Strike 0-1: Ball 1-1: Called Strike 1-2: Ball 2-2: Foul Ball, location: 2F 2-2: Ball 3-2: SINGLE (Groundball, 13, EV 78.8 MPH) (infield hit) Chris LaReau scores Josh Broome to third Austin Akers to second
|
Pitching: RHP James Bitner
|
|
Batting: RHB Mike Griffin
|
0-0: SINGLE (Groundball, 4M, EV 90.6 MPH) (infield hit) Josh Broome scores Austin Akers to third Hank Arias to second
|
Batting: RHB John Peterson
|
0-0: Ball 1-0: Fly out, F5 (Line Drive, 5, EV 60.6 MPH)
|
Bottom of the 5th over - 5 runs, 5 hits, 0 errors, 3 left on base; Batavia 7 - State College 8 |
TOP OF THE 6TH |
Batavia Muckdogs batting - Pitching for State College Spikes : LHP Kevin Turner
|
Batting: RHB Tom Thompson
|
0-0: Called Strike 0-1: Called Strike 0-2: Strikes out looking
|
Batting: LHB David Doge
|
0-0: Called Strike 0-1: SINGLE (Flyball, 7LS, EV 92.5 MPH)
|
Batting: RHB Tony Stedman
|
0-0: Ball 1-0: Called Strike 1-1: Ball 2-1: Foul Ball, location: 2F 2-2: Foul Ball, location: 2F 2-2: Foul Ball, location: 2F 2-2: Ball 3-2: Fly out, F9 (Flyball, 9S, EV 88.1 MPH)
|
Batting: RHB Len Graham
|
0-0: Ball 1-0: Called Strike 1-1: Ball David Doge steals 2nd base 2-1: Ground out 2-3 (Groundball, 2L, EV 73.1 MPH)
|
Top of the 6th over - 0 runs, 1 hit, 0 errors, 1 left on base; Batavia 7 - State College 8 |
BOTTOM OF THE 6TH |
State College Spikes batting - Pitching for Batavia Muckdogs : RHP James Bitner
|
Batting: RHB Immel Kamuzu
|
0-0: Called Strike 0-1: Ball 1-1: Ground out 5-3 (Groundball, 56, EV 88.8 MPH)
|
Batting: RHB Chris LaReau
|
0-0: Foul Ball, location: 2F 0-1: Ball 1-1: Called Strike 1-2: Foul Ball, location: 2F 1-2: Foul Ball, location: 2F 1-2: Foul Ball, location: 2F 1-2: Ball 2-2: Ball 3-2: Strikes out swinging
|
Batting: SHB Steve Barnett
|
0-0: Called Strike 0-1: Foul Ball, location: 2F 0-2: Strikes out swinging
|
Bottom of the 6th over - 0 runs, 0 hits, 0 errors, 0 left on base; Batavia 7 - State College 8 |
TOP OF THE 7TH |
Batavia Muckdogs batting - Pitching for State College Spikes : LHP Kevin Turner
|
Pitching: RHP Robby Guzman
|
|
Batting: LHB Matt McKeon
|
0-0: Ball 1-0: Ball 2-0: Ball 3-0: Called Strike 3-1: Called Strike 3-2: Strikes out looking
|
Batting: RHB Jim Fisher
|
0-0: Foul Ball, location: 2F 0-1: Ball 1-1: Called Strike 1-2: Ground out 5-3 (Groundball, 56S, EV 77.5 MPH)
|
Batting: RHB J.D. Vander Klok
|
0-0: Ball 1-0: Called Strike 1-1: Swinging Strike 1-2: Ball 2-2: Strikes out swinging
|
Top of the 7th over - 0 runs, 0 hits, 0 errors, 0 left on base; Batavia 7 - State College 8 |
BOTTOM OF THE 7TH |
State College Spikes batting - Pitching for Batavia Muckdogs : RHP James Bitner
|
Batting: RHB Richard Riggs
|
0-0: Ball 1-0: Called Strike 1-1: Reached on error, E6 (Groundball, 6, EV 100.6 MPH)
|
Batting: RHB Josh Broome
|
0-0: Fly out, F9 (Flyball, 9S, EV 84.4 MPH)
|
Batting: RHB Austin Akers
|
0-0: Ball 1-0: Fly out, F8 (Flyball, 8LD, EV 90.0 MPH)
|
Batting: SHB Hank Arias
|
0-0: Called Strike 0-1: Swinging Strike 0-2: Strikes out looking
|
Bottom of the 7th over - 0 runs, 0 hits, 1 error, 1 left on base; Batavia 7 - State College 8 |
TOP OF THE 8TH |
Batavia Muckdogs batting - Pitching for State College Spikes : RHP Robby Guzman
|
Pitching: RHP Mike Pemble
|
|
Batting: RHB Andy Kelly
|
0-0: Fly out, F7 (Flyball, 7LS, EV 90.6 MPH)
|
Batting: SHB Yoo-chul Jung
|
0-0: Ball 1-0: Called Strike 1-1: Foul Ball, location: 2F 1-2: Ground out 1-3 (Groundball, 34S, EV 67.5 MPH)
|
Batting: RHB Tom Thompson
|
0-0: Ground out 6-3 (Groundball, 6, EV 106.2 MPH)
|
Top of the 8th over - 0 runs, 0 hits, 0 errors, 0 left on base; Batavia 7 - State College 8 |
BOTTOM OF THE 8TH |
State College Spikes batting - Pitching for Batavia Muckdogs : RHP James Bitner
|
Pitching: RHP Mike Yorke
|
|
Batting: RHB Mike Griffin
|
0-0: Ball 1-0: Called Strike 1-1: Fly out, F9 (Flyball, 9S, EV 81.2 MPH)
|
Batting: RHB John Peterson
|
0-0: Ground out 6-3 (Groundball, 6, EV 88.8 MPH)
|
Batting: RHB Immel Kamuzu
|
0-0: Ball 1-0: Swinging Strike 1-1: Ball 2-1: Foul Ball, location: 2F 2-2: Ball 3-2: Ground out 5-3 (Groundball, 56, EV 86.2 MPH)
|
Bottom of the 8th over - 0 runs, 0 hits, 0 errors, 0 left on base; Batavia 7 - State College 8 |
TOP OF THE 9TH |
Batavia Muckdogs batting - Pitching for State College Spikes : RHP Mike Pemble
|
Now at 1B: Miguel Macias
|
|
Now in LF: Mario Mendoza
|
|
Batting: LHB David Doge
|
0-0: Ball 1-0: Foul Ball, location: 2F 1-1: Ball 2-1: Foul Ball, location: 2F 2-2: Foul Ball, location: 2F 2-2: Ball 3-2: Base on Balls
|
Batting: RHB Tony Stedman
|
0-0: Ball 1-0: Grounds into double play, 4-6-3 (Groundball, 34, EV 106.9 MPH)
|
Batting: RHB Len Graham
|
0-0: Ball 1-0: Foul Ball, location: 2F 1-1: Called Strike 1-2: Ball 2-2: Ground out 6-3 (Groundball, 6MS, EV 94.4 MPH)
|
Top of the 9th over - 0 runs, 0 hits, 0 errors, 0 left on base; Batavia 7 - State College 8 |
|